Map: Battle on the Boardwalk LE

Players

JagrsMullets

  • Race: Protoss Protoss
  • Spawn Location: 1:00

FalSe - Winner!

  • Race: Protoss Protoss
  • League: Platinum
  • Spawn Location: 11:00

VOD

Have the link to the VOD?

Description

Time

  • Played on: Dec. 21, 2017, 5:16 a.m.
  • Length: 10:44
Show
View Real Time Build Order
Export as new Build Order

JagrsMullets Protoss 

Build Orders:  

Get SALT Encoding   

  12  0:01  Probe (Chrono Boost)  
  13  0:13  Probe (Chrono Boost)  
  14  0:20  Pylon  
  14  0:23  Probe (Chrono Boost)  
  15  0:36  Assimilator  
  15  0:38  Probe  
  16  0:50  Probe  
  16  0:55  Forge  
  17  1:02  Probe  
  18  1:14  Probe  
  18  1:26  Gateway  
  18  1:36  Pylon  
  18  1:44  Pylon  
  18  2:00  Photon Cannon  
  18  2:05  Photon Cannon  
  18  2:08  Photon Cannon  
  18  2:12  Photon Cannon  
  18  2:19  Probe (Chrono Boost)  
  19  2:29  Probe (Chrono Boost)  
  20  2:31  Zealot  
  20  2:36  Probe (Chrono Boost)  
  23  2:45  Assimilator  
  23  2:46  Probe (Chrono Boost)  
  23  2:51  Probe (Chrono Boost)  
  25  3:02  Probe  
  25  3:05  Cybernetics Core  
  26  3:10  Pylon  
  26  3:22  Zealot  
  26  3:24  Probe (Chrono Boost)  
  30  3:35  Probe (Chrono Boost)  
  30  3:40  Probe (Chrono Boost)  
  31  3:49  Zealot  
  33  3:58  Nexus  
  33  4:02  Assimilator  
  33  4:07  Assimilator  
  33  4:20  Stargate  
  33  4:23  Probe (Chrono Boost)  
  34  4:33  Probe (Chrono Boost)  
  34  4:38  Probe (Chrono Boost)  
  36  4:50  Probe  
  37  4:56  Nexus  
  37  5:02  Photon Cannon, Probe  
  38  5:12  Oracle  
  41  5:27  Photon Cannon  
  41  5:31  Probe (Chrono Boost)  
  42  5:42  Probe (Chrono Boost)  
  43  5:47  Probe (Chrono Boost)  
  43  5:49  Void Ray  
  45  6:13  Photon Cannon  
  45  6:16  Photon Cannon  
  45  6:17  Photon Cannon  
  45  6:20  Photon Cannon  
  45  6:21  Photon Cannon  
  45  6:24  Probe (Chrono Boost)  
  46  6:30  Probe (Chrono Boost)  
  47  6:35  Probe (Chrono Boost)  
  47  6:38  Probe (Chrono Boost)  
  49  6:41  Probe (Chrono Boost)  
  49  6:43  Probe (Chrono Boost)  
  51  6:51  Probe  
  51  6:53  Protoss Air Weapons Level 1  
  52  6:54  Probe  
  53  7:03  Probe  
  53  7:08  Probe (Chrono Boost)  
  55  7:12  Probe (Chrono Boost)  
  55  7:13  Fleet Beacon  
  56  7:20  Pylon  
  56  7:22  Pylon  
  57  7:23  Probe (Chrono Boost)  
  57  7:27  Probe (Chrono Boost)  
  58  7:32  Assimilator  
  58  7:37  Assimilator  
  36  8:08  Stargate  
  36  8:10  Stargate  
  36  8:14  Stargate  
  36  8:23  Pylon  
  27  8:42  Pylon  
  27  8:44  Pylon  
  19  8:55  Stargate  
  18  9:14  Fleet Beacon  
  18  9:24  Photon Cannon x2  
  26  9:27  Photon Cannon  
  26  9:28  Photon Cannon  
  26  9:42  Void Ray x2 (Chrono Boost)  
  42  9:48  Void Ray (Chrono Boost)  
  42  9:49  Void Ray (Chrono Boost)  
  42  9:54  Forge  
Show
View Real Time Build Order
Export as new Build Order

FalSe Protoss - Winner!

Build Orders:  

Get SALT Encoding   

  12  0:00  Probe  
  14  0:14  Probe  
  14  0:19  Pylon  
  14  0:26  Probe  
  15  0:38  Probe  
  15  0:39  Gateway  
  16  0:49  Gateway  
  16  0:50  Probe  
  17  0:58  Assimilator  
  17  1:02  Probe  
  18  1:15  Probe  
  19  1:27  Probe  
  20  1:34  Pylon  
  20  1:37  Cybernetics Core  
  20  1:38  Gateway  
  20  1:41  Probe  
  21  1:54  Probe  
  22  1:58  Pylon  
  22  2:06  Probe  
  23  2:14  Stalker (Chrono Boost)  
  25  2:18  Probe  
  25  2:20  Warp Gate (Chrono Boost), Assimilator  
  26  2:27  Stalker (Chrono Boost)  
  28  2:33  Probe  
  28  2:47  Pylon  
  28  2:48  Probe  
  29  2:57  Stalker (Chrono Boost)  
  33  3:09  Stalker (Chrono Boost)  
  33  3:10  Probe  
  34  3:30  Nexus, Probe  
  35  3:56  Probe  
  35  4:00  Robotics Facility  
  36  4:08  Probe  
  37  4:16  Pylon x2  
  37  4:17  Pylon  
  37  4:20  Probe  
  38  4:32  Probe  
  38  4:35  Stalker x2  
  43  4:42  Probe  
  43  4:44  Probe  
  45  4:54  Observer (Chrono Boost), Probe  
  45  4:56  Probe  
  48  5:07  Immortal (Chrono Boost), Probe  
  49  5:08  Probe  
  49  5:12  Pylon  
  49  5:13  Stalker  
  56  5:14  Stalker  
  56  5:21  Probe x2  
  60  5:25  Pylon  
  60  5:29  Pylon  
  60  5:41  Assimilator  
  60  5:45  Immortal (Chrono Boost)  
  60  5:47  Assimilator  
  60  5:49  Probe x2  
  66  5:55  Observer  
  66  6:00  Stalker x2  
  66  6:01  Probe x2  
  72  6:09  Twilight Council  
  72  6:13  Probe x2  
  74  6:24  Stalker  
  74  6:25  Stalker  
  78  6:27  Probe x2  
  80  6:39  Probe  
  81  6:40  Probe  
  81  6:45  Gateway  
  81  6:50  Gateway  
  81  6:51  Blink (Chrono Boost)  
  81  6:55  Gateway  
  81  6:56  Immortal (Chrono Boost)  
  85  7:10  Stalker x2  
  85  7:11  Forge x2  
  89  7:26  Probe x2  
  89  7:29  Stalker  
  93  7:30  Stalker  
  95  7:53  Stalker x2  
  99  8:05  Gateway  
  99  8:08  Protoss Ground Weapons Level 1 (Chrono Boost)  
  99  8:09  Nexus, Protoss Ground Armor Level 1 (Chrono Boost)  
  99  8:16  Pylon  
  99  8:19  Pylon x2  
  99  8:22  Pylon  
  99  8:32  Stalker  
  101  8:37  Pylon  
  101  8:39  Stalker  
  101  8:40  Pylon  
  103  8:41  Charge (Chrono Boost)  
  103  8:42  Pylon  
  103  8:45  Pylon  
  103  8:58  Probe x2  
  103  9:00  Stalker  
  107  9:03  Stalker x4  
  115  9:16  Probe  
  115  9:17  Probe  
  117  9:26  Photon Cannon  
  117  9:27  Photon Cannon  
  117  9:29  Photon Cannon  
  117  9:30  Photon Cannon  
  117  9:33  Photon Cannon  
  117  9:50  Stalker x3, Assimilator  
  123  9:54  Assimilator  
  123  10:07  Stalker  
  123  10:08  Stalker  
  131  10:18  Gateway  
  131  10:22  Probe x2  
  131  10:25  Probe  
Tags
 
Add a new tag
Caveats
  • Supply blocks, unpowered buildings, or Contaminate may cause inaccurate times.
  • Supply counts are checked every 10 seconds.